 Dungeon Crawl Stone Soup version 0.27-a0-1060-gcb85b5eba1 (webtiles) character file.

Game seed: 18075441920202233325

3430 tilp the Covert (level 10, -10/49 HPs)
             Began as a Vine Stalker Brigand on Apr 21, 2021.
             Was a Believer of Uskayaw.
             Killed by divine providence
             ... invoked by an orc priest
              (13 damage)
             ... on level 8 of the Dungeon.
             The game lasted 00:10:35 (6136 turns).

tilp the Covert (Vine Stalker Brigand)              Turns: 6136, Time: 00:10:36

Health: -10/49     AC: 16    Str: 13    XL:     10   Next: 5%
Magic:  0/16       EV: 10    Int: 11    God:    Uskayaw [**....]
Gold:   397        SH:  5    Dex: 20    Spells: 9/9 levels left

rFire    + . .     SeeInvis .   a - +3 dagger (venom)
rCold    . . .     Faith    +   l - +1 buckler {AC+3}
rNeg     + . .     Spirit   +   r - +0 leather armour {rF+}
rPois    .         Reflect  .   o - +1 helmet
rElec    .         Harm     .   c - +0 cloak
rCorr    .         Rampage  .   y - +0 pair of gloves
Will     +....                  h - +1 pair of boots
Stlth    ++++......             u - amulet of faith
HPRegen  1.16/turn              p - ring of positive energy
MPRegen  0.15/turn              D - +4 ring of protection

@: no status effects
A: fangs 3, regeneration 1, magic shield, antimagic bite, no potion heal 2
a: Renounce Religion, Stomp, Line Pass


You were on level 8 of the Dungeon.
You worshipped Uskayaw.
Uskayaw was noncommittal.
You visited 1 branch of the dungeon, and saw 8 of its levels.

You collected 397 gold pieces.

Inventory:

Hand Weapons
 a - a +3 dagger of venom (weapon)
 b - a +3 dagger of freezing
 E - a +3 dagger of flaming
Missiles
 d - 21 poisoned darts (quivered)
Armour
 c - a +0 cloak (worn)
 h - a +1 pair of boots (worn)
 i - a +0 chain mail
 j - a +0 scale mail
 l - a +1 buckler of protection (worn)
 o - a +1 helmet (worn)
 r - a +0 leather armour of fire resistance (worn)
 y - a +0 pair of gloves (worn)
 z - the +0 helmet "Raosawaa" {rC- rCorr Str+3}
   (You found it on level 7 of the Dungeon)

   It affects your strength (+3).
   It makes you vulnerable to cold.
   It protects you from acid and corrosion.
Jewellery
 p - a ring of positive energy (left hand)
 u - an amulet of faith (around neck)
 x - an amulet of regeneration
 D - a +4 ring of protection (right hand)
 G - a ring of ice
Wands
 k - a wand of flame (13)
 s - a wand of digging (5)
 t - a wand of mindburst (16)
Scrolls
 B - a scroll of magic mapping
Potions
 f - 2 potions of flight
 g - 4 potions of curing
 m - a potion of cancellation {unknown}
 n - 3 potions of mutation
 q - a potion of berserk rage {unknown}
 w - a potion of haste {unknown}
 A - 2 potions of attraction {unknown}
 C - a potion of might {unknown}


   Skills:
 - Level 4.0 Fighting
 + Level 8.2 Short Blades
 - Level 1.7 Throwing
 - Level 0.7 Dodging
 - Level 10.0 Stealth
 + Level 7.6 Invocations


You had 9 spell levels left.
You didn't know any spells.
Your spell library contained the following spells:

 Spells                   Type           Power      Damage    Failure   Level
 Freeze                   Ice            0%         1d3       58%         1
 Frozen Ramparts          Ice            0%         1d2       92%         3
 Ozocubu's Armour         Ice            0%         N/A       92%         3
 Hailstorm                Conj/Ice       0%         3d3       100%        4
 Metabolic Englaciation   Hex/Ice        0%         N/A       100%        5


Dungeon Overview and Level Annotations

Branches:
Dungeon (8/15)             Temple (0/1) D:4            Lair (0/6) D:8

Altars:
Ashenzari
Cheibriados
Hepliaklqana
Makhleb
Uskayaw
The Shining One

Shops:
D:3 *


Innate Abilities, Weirdness & Mutations

You have razor-sharp teeth.
Your natural rate of healing is unusually fast.
When hurt, damage is shared between your health and your magic reserves.
Your bite disrupts and absorbs the magic of your enemies.
Potions cannot restore your health.


Message History

You can now pass through a line of other dancers.
You hit the orc wizard.
The orc wizard looks as sick as possible!
The orc wizard is heavily wounded.
You feel sick. The warg completely misses you. The warg bites you!
* * * LOW HITPOINT WARNING * * *
The orc hits you but does no damage.
The orc wizard falters for a moment.
You block the orc priest's attack.
You hit the orc wizard.
The orc wizard looks as sick as possible!
The orc wizard is almost dead.
You feel sick. You block the warg's attack. The warg closely misses you.
Unknown command.
You hit the orc wizard.
You kill the orc wizard!
You feel sick. The warg bites you but does no damage.
You block the orc's attack. The warg bites you!
* * * LOW HITPOINT WARNING * * *
The orc priest casts a cantrip, but nothing happens.
The orc priest looks satisfied for a moment.
You closely miss the orc.
You feel sick. The orc priest misses you.
You block the warg's attack. x2; The orc hits you with a +0 war axe.
* * * LOW HITPOINT WARNING * * *
The orc priest barely misses you.
Unknown command.
You closely miss the orc. Your bite misses the orc.
The warg bites you but does no damage. The warg bites you!
* * * LOW HITPOINT WARNING * * *
The orc priest closely misses you. The orc barely misses you.
Unknown command.
Blink to where?
Press: ? - help, Dir - move target
As you read the scroll of blinking, it crumbles to dust.
You feel sick.
You feel sick.
You feel sick.
You are no longer poisoned.
The orc priest mumbles some strange prayers to Beogh against you.
Beogh smites you!
You die...

........#.# .
........o.### .###
..>...h.o...##....
.......§h......##
.....oo)#o......##
.......##oh......#
.....####........#
..................#
.#.$.....@.........
#......<........#.
#......$........#
##................
#............#.#.
#...##.#######.#
..... ... ##.. #..
### ###


You could see 2 wargs, 3 orc priests and an orc.

Vanquished Creatures
  Prince Ribbit (D:6)
  3 yaks (D:6)
  A wyvern (D:7)
  Eustachio (D:5)
  Duvessa (D:6)
  An ice beast (D:6)
  3 sky beasts
  A necrophage (D:7)
  2 centaurs
  2 ogres
  3 phantoms
  2 scorpions
  2 bullfrogs
  Dowan (D:6)
  9 wights (D:7)
  4 hounds
  5 jellies
  A gnoll shaman (D:7)
  Terence (D:2)
  4 iguanas
  A bullfrog skeleton (D:5)
  2 orc wizards
  A killer bee zombie (D:3)
  A hound skeleton (D:5)
  Robin (D:3)
  A howler monkey zombie (D:6)
  2 howler monkey skeletons
  4 adders
  3 gnolls (D:7)
  A white imp (D:5)
  An adder skeleton (D:4)
  A dart slug (D:1)
  10 orcs
  6 ball pythons
  9 bats
  9 endoplasms
  2 giant cockroaches
  10 hobgoblins
  2 jackals (D:5)
  6 quokkas
  3 frilled lizards
  11 goblins
  5 kobolds
  4 rats
144 creatures vanquished.

Notes
Turn   | Place    | Note
-------+----------+-------------------------------------------
     0 | D:1      | tilp the Vine Stalker Brigand began the quest for the Orb.
     0 | D:1      | Reached XP level 1. HP: 11/11 MP: 2/2
   292 | D:1      | Reached XP level 2. HP: 15/15 MP: 3/3
  1061 | D:2      | Found a hide-covered altar of Uskayaw.
  1117 | D:2      | Reached XP level 3. HP: 17/19 MP: 4/4
  1142 | D:2      | Became a worshipper of Uskayaw the Reveller
  1493 | D:2      | Reached * piety under Uskayaw
  1700 | D:2      | Identified a scroll of acquirement
  1700 | D:2      | Acquired a +1 buckler of protection
  1732 | D:3      | Noticed Terence
  1751 | D:2      | Killed Terence
  1752 | D:2      | Gained mutation: Your natural rate of healing is unusually
                  | fast. [Vine Stalker growth]
  1752 | D:2      | Reached XP level 4. HP: 19/24 MP: 3/5
  1764 | D:3      | Reached ** piety under Uskayaw
  1787 | D:3      | Found a faded altar of an unknown god.
  1872 | D:3      | Reached *** piety under Uskayaw
  1887 | D:3      | Reached XP level 5. HP: 28/28 MP: 6/6
  1975 | D:3      | Noticed Robin
  2193 | D:3      | Killed Robin
  2366 | D:3      | Found a burning altar of Makhleb.
  2643 | D:3      | Found Bujats's General Store.
  2693 | D:4      | Noticed a phantom
  2882 | D:3      | Killed a phantom
  2883 | D:3      | Reached skill level 5 in Stealth
  2883 | D:3      | Reached XP level 6. HP: 28/33 MP: 4/7
  2939 | D:4      | Reached skill level 1 in Invocations
  3117 | D:4      | Found a staircase to the Ecumenical Temple.
  3370 | D:4      | Found a hide-covered altar of Uskayaw.
  3585 | D:5      | Entered Level 5 of the Dungeon
  3618 | D:5      | Reached XP level 7. HP: 33/37 MP: 6/9
  3635 | D:5      | Noticed Eustachio
  3650 | D:5      | Killed Eustachio
  3651 | D:5      | Reached skill level 6 in Stealth
  3754 | D:5      | Reached skill level 5 in Short Blades
  3987 | D:5      | Reached skill level 7 in Stealth
  3987 | D:5      | Gained mutation: You have razor-sharp teeth. [Vine Stalker
                  | growth]
  3987 | D:5      | Reached XP level 8. HP: 39/42 MP: 11/11
  4601 | D:6      | Noticed a yak
  4601 | D:6      | Noticed a yak
  4602 | D:6      | Noticed a yak
  4621 | D:6      | Killed a yak
  4622 | D:6      | Killed a yak
  4622 | D:6      | Reached **** piety under Uskayaw
  4623 | D:6      | Reached skill level 8 in Stealth
  4629 | D:6      | Reached ***** piety under Uskayaw
  4634 | D:6      | Killed a yak
  4667 | D:6      | Reached skill level 5 in Invocations
  4779 | D:6      | Found a snail-covered altar of Cheibriados.
  4832 | D:6      | Noticed Prince Ribbit
  4842 | D:6      | Killed Prince Ribbit
  4843 | D:6      | Reached skill level 9 in Stealth
  4843 | D:6      | Reached XP level 9. HP: 45/45 MP: 12/14
  5072 | D:6      | Noticed Duvessa
  5073 | D:6      | Noticed Dowan
  5079 | D:6      | Killed Duvessa
  5088 | D:6      | Killed Dowan
  5331 | D:7      | Found a glowing golden altar of the Shining One.
  5494 | D:7      | Reached skill level 10 in Stealth
  5500 | D:7      | Reached ****** piety under Uskayaw
  5547 | D:7      | Found a broken altar of Ashenzari.
  5623 | D:7      | Identified the +0 helmet "Raosawaa" {rC- rCorr Str+3}
  5919 | D:7      | Reached XP level 10. HP: 48/49 MP: 16/16
  5926 | D:7      | Found a hazy altar of Hepliaklqana.
  6122 | D:8      | Found a staircase to the Lair.
  6133 | D:8      | HP: 2/49 [warg (4)]
  6136 | D:8      | Killed from afar by an orc priest

Illustrated notes

Levels and vault maps discovered:
D:1:      dpeg_arrival_lava_temple_mockup, layout_rooms, minmay_misc_feat_square
D:2:      layout_basic, basic_altar, minmay_splitting_lines, st_stairs_7
D:3:      layout_rooms, lemuel_coloured_pillars_altar, serial_shops,
          nicolae_shop_statue_plus, hellmonk_ecumenical_altar_crossroads,
          st_stairs_2, uniq_terence, uniq_robin
D:4:      layout_loops_ring, eat_drink_and_be_merry_uskayaw,
          minmay_temple_entry_junction
D:5:      layout_basic, minmay_misc_feat_chi, minmay_tree_intersection,
          uniq_eustachio
D:6:      layout_loops_ring, kennysheep_mini_moat, uniq_prince_ribbit1,
          uniq_duvessa
D:7:      layout_rooms, lemuel_doored_altar, marbit_many_paths,
          evilmike_ruin_ashenzari, minivault_5
D:8:      layout_rooms, old_standard_altar, erik_lair_orcish_takeover,
          chequers_serial_rivers_micro_e, uniq_joseph, uniq_pikel,
          uniq_gastronok

Skill      XL: |  1  2  3  4  5  6  7  8  9 |
---------------+----------------------------+-----
Fighting       | 2 3 4 |  4.0
Short Blades   | 2 3 4 5 6 8 |  8.2
Stealth        | 5 7 9 10 | 10.0
Invocations    | 2 3 5 7 |  7.6
Throwing       | |  1.7
Dodging        | |  0.7

Action                   |  1- 3 |  4- 6 |  7- 9 | 10-12 || total
-------------------------+-------+-------+-------+-------++-------
Melee: Dagger            |    83 |   176 |   300 |    10 ||   569
       Bite              |    14 |    48 |   110 |     2 ||   174
Throw: Dart              |    10 |     5 |     4 |       ||    19
  Use: Scroll            |     4 |     3 |     7 |     3 ||    17
 Stab: Sleeping          |     6 |     8 |     6 |     1 ||    21
       Paralysed         |       |     2 |     8 |       ||    10
Armor: Robe              |     3 |       |       |       ||     3
       Scale mail        |    25 |    56 |     9 |       ||    90
       Leather armour    |       |       |    83 |     7 ||    90
Dodge: Dodged            |    36 |    51 |    88 |     7 ||   182
Block: Buckler           |       |    25 |    39 |     8 ||    72

Table legend: (Time is in decaauts)
 A = Elapsed time spent in this place.
 B = Non-inter-level travel time spent in this place.
 C = Inter-level travel time spent in this place.
 D = Time resting spent in this place.
 E = Time spent auto-exploring this place.
 F = Levels seen in this place.
 G = Mean time per level.
                   A        B        C        D        E       F      G
               +--------+--------+--------+--------+--------+-----+--------+
         Total |   6040 |   5763 |    277 |    383 |   4121 |   8 |  755.0 |
       Dungeon |   6040 |   5763 |    277 |    383 |   4121 |   8 |  755.0 |
               +--------+--------+--------+--------+--------+-----+--------+

Top non-repeatable levels by time:
     D:5: 969 daAuts
     D:1: 963 daAuts
     D:2: 948 daAuts
     D:4: 842 daAuts
     D:3: 810 daAuts
     D:7: 759 daAuts
     D:6: 730 daAuts
     D:8: 16 daAuts
